 Dungeon Crawl Stone Soup version 0.28.0 (webtiles) character file.

Game seed: 8608624960904565140

403 fragbeetle the Chopper (level 6, 0/51 HPs)
             Began as a Hill Orc Cinder Acolyte on Feb 6, 2022.
             Was a High Priest of Ignis.
             Succumbed to a water moccasin's poison
             ... on level 4 of the Dungeon.
             The game lasted 00:04:33 (2966 turns).

fragbeetle the Chopper (Hill Orc Cinder Acolyte)    Turns: 2966, Time: 00:04:34

Health: 0/51       AC:  6    Str: 19    XL:     6   Next: 86%
Magic:  0/7        EV: 11    Int: 14    God:    Ignis [*****.]
Gold:   81         SH:  0    Dex:  6    Spells: 5/7 levels left

rFire   + . .      SeeInvis .   j - +2 spear (flame)
rCold   . . .      Faith    .   (no shield)
rNeg    . . .      Spirit   .   b - +0 robe
rPois   .          Reflect  .   (no helmet)
rElec   .          Harm     .   (no cloak)
rCorr   .          Rampage  .   (no gloves)
Will    .....                   (no boots)
Stlth   +.........              (no amulet)
HPRegen 0.17/turn               h - +4 ring of protection
MPRegen 0.10/turn               (no ring)

@: brilliant, lethally poisoned (0 -> -6)
A: no striking features
a: Renounce Religion, Fiery Armour, Foxfire Swarm, Rising Flame


You were on level 4 of the Dungeon.
You worshipped Ignis.
Ignis was extremely pleased with you.
You visited 1 branch of the dungeon, and saw 5 of its levels.

You collected 81 gold pieces.

Inventory:

Hand Weapons
 a - a -1 hand axe of flaming
 i - a +2 spear of freezing
 j - a +2 spear of flaming (weapon)
Armour
 b - a +0 robe (worn)
Jewellery
 h - a +4 ring of protection (left hand)
Scrolls
 e - a scroll of identify
 f - a scroll of holy word
 k - a scroll of acquirement {unknown}
 l - a scroll of enchant armour {unknown}
 m - a scroll of vulnerability {unknown}


   Skills:
 - Level 3.6 Fighting
 * Level 7.5 Axes
 - Level 1.0 Spellcasting
 * Level 6.2 Fire Magic


You had 5 spell levels left.
You knew the following spells:

 Your Spells              Type           Power      Damage    Failure   Level
a - Scorch                Fire           54%        2d7       3%          2

Your spell library contained the following spells:

 Spells                   Type           Power      Damage    Failure   Level


Dungeon Overview and Level Annotations

Branches:
Dungeon (5/15)
 Temple: D:4-7

Altars:


Message History

You feel clever all of a sudden.
* * * LOW HITPOINT WARNING * * *
You feel extremely sick.
The water moccasin bites you but does no damage.
The jelly barely misses you.
It was a potion of curing.
You feel better. The water moccasin closely misses you.
The jelly jiggles.
The jelly barely misses you.
You are too injured to fight recklessly!
Casting: Scorch (safe; 3% risk of failure)
Confirm with . or Enter, or press ? or * to list all spells.
You feel a surge of power!
Flames lash the jelly.
The jelly is almost dead.
The jelly's fire resistance burns away.
You hear a shout! x2
The water moccasin bites you!
* * * LOW HITPOINT WARNING * * *
You are lethally poisoned!
The water moccasin poisons you!
A hobgoblin comes into view.
The water moccasin closely misses you. The jelly hits you but does no damage.
Casting: Scorch (safe; 3% risk of failure)
Confirm with . or Enter, or press ? or * to list all spells.
You feel a surge of power!
Flames lash the water moccasin.
You kill the water moccasin!
* * * LOW HITPOINT WARNING * * *
You feel very sick. The jelly hits you but does no damage.
Your Axes skill increases to level 7!
Your Fire Magic skill increases to level 6!
Casting: Scorch (safe; 3% risk of failure)
Confirm with . or Enter, or press ? or * to list all spells.
You don't have enough magic to cast this spell.
Unknown command.
You hit the jelly. You burn the jelly.
You kill the jelly!
* * * LOW HITPOINT WARNING * * *
You feel sick.
You die...

#.#.. ##
##... .#
##.... ..
#.....###.
#.g##§§ .
#..§§§#
....###.§§§#
#...(.@§###
#.#..§.##
###.## ##


You could see a hobgoblin.

Vanquished Creatures
  A water moccasin (D:4)
  2 scorpions
  A howler monkey (D:5)
  A jelly (D:4)
  4 gnolls
  3 adders
  A worm (D:3)
  2 orcs (D:2)
  6 ball pythons
  2 bats
  7 endoplasms
  2 giant cockroaches
  8 hobgoblins
  2 kobolds (D:1)
  A quokka (D:2)
  2 frilled lizards (D:1)
  4 goblins
  3 rats
52 creatures vanquished.

Vanquished Creatures (others)
  4 plants (D:2)
4 creatures vanquished.

Grand Total: 56 creatures vanquished

Notes
Turn   | Place    | Note
-------+----------+-------------------------------------------
     0 | D:1      | fragbeetle the Hill Orc Cinder Acolyte began the quest for
                  | the Orb.
     0 | D:1      | Reached XP level 1. HP: 19/19 MP: 2/2
   442 | D:1      | Reached XP level 2. HP: 25/26 MP: 3/3
   499 | D:1      | Learned a level 2 spell: Scorch
   570 | D:1      | Found a faded altar of an unknown god.
   845 | D:1      | Reached XP level 3. HP: 22/31 MP: 4/4
  1262 | D:2      | Reached skill level 5 in Axes
  1730 | D:1      | Reached XP level 4. HP: 21/39 MP: 2/5
  2564 | D:3      | Noticed a scorpion
  2573 | D:3      | Killed a scorpion
  2574 | D:3      | Reached skill level 6 in Axes
  2574 | D:3      | Reached skill level 5 in Fire Magic
  2574 | D:3      | Reached XP level 5. HP: 13/45 MP: 1/6
  2929 | D:3      | You fall into a shaft and drop 2 floors!
  2929 | D:5      | Entered Level 5 of the Dungeon
  2944 | D:5      | Reached XP level 6. HP: 48/51 MP: 0/7
  2946 | D:5      | Noticed a water moccasin
  2948 | D:5      | Noticed a necrophage
  2964 | D:4      | Killed a water moccasin
  2965 | D:4      | Reached skill level 7 in Axes
  2965 | D:4      | HP: 1/51 [poisoned by a water moccasin]
  2966 | D:4      | Succumbed to a water moccasin's poison

Illustrated notes

Levels and vault maps discovered:
D:1:      nzn_arrival_settlement, layout_basic,
          hellmonk_ecumenical_altar_pennies_from_heaven
D:2:      layout_basic, chequers_big_river
D:3:      layout_loops_ring
D:4:      layout_cave_pools, lemuel_doored_altar, grunt_ministairs_1,
          minmay_strange_pillars, kennysheep_generic_room_15
D:5:      layout_basic, kennysheep_cross_bottleneck, grunt_decor_arrowhead,
          uniq_grinder, uniq_blork_the_orc

Skill      XL: |  1  2  3  4  5  6 |
---------------+-------------------+-----
Fire Magic     | 4 5 6 |  6.2
Axes           | 5 6 7 |  7.5
Fighting       | |  3.6
Spellcasting   | |  1.0

Action                   |  1- 3 |  4- 6 || total
-------------------------+-------+-------++-------
Melee: Hand axe          |    90 |       ||    90
       Punch             |     1 |     1 ||     2
       Spear             |       |    57 ||    57
 Cast: Scorch            |     3 |    13 ||    16
  Use: Scroll            |       |     2 ||     2
       Potion            |       |     2 ||     2
 Stab: Sleeping          |     1 |       ||     1
Armor: Robe              |    11 |    21 ||    32
Dodge: Dodged            |    53 |    45 ||    98
